 Dungeon Crawl Stone Soup version 0.20-b1 (webtiles) character file.

781 kae the Chopper (level 7, -8/66 HPs)
             Began as a Deep Dwarf Fighter on May 19, 2017.
             Killed by triggering a spear trap (21 damage)
             ... in an ossuary.
             The game lasted 00:06:58 (3726 turns).

kae the Chopper (Deep Dwarf Fighter)                Turns: 3726, Time: 00:06:59

Health: -8/66      AC:  9    Str: 22    XL:     7   Next: 55%
Magic:  7/7        EV:  7    Int:  8    God:
Gold:   241        SH:  9    Dex: 12    Spells: 6/6 levels left

rFire    . . .     SeeInvis .   a - +0 war axe
rCold    . . .     Gourm    .   c - +0 shield
rNeg     + . .     Faith    .   b - +0 scale mail
rPois    .         Spirit   .   (no helmet)
rElec    .         Reflect  .   (no cloak)
rCorr    .         Harm     .   m - +1 pair of gloves
MR       +....                  (no boots)
Stlth    ..........             (no amulet)
Regen    0.0/turn               n - ring of positive energy
MPRegen  0.1/turn               (no ring)

@: non-regenerating
A: damage resistance, heal wounds, sense surroundings 1, no regeneration
a: Heal Wounds


You were in an ossuary.
You were very hungry.

You visited 1 branch of the dungeon, and saw 4 of its levels.
You also visited: Ossuary.

You collected 241 gold pieces.

Inventory:

Hand Weapons
 a - a +0 war axe (weapon)
Armour
 b - a +0 scale mail (worn)
 c - a +0 shield (worn)
 m - a +1 pair of gloves (worn)
Jewellery
 n - a ring of positive energy (left hand)
 w - a +3 amulet of reflection {unknown}
Wands
 d - a wand of polymorph (14/24)
Scrolls
 g - a scroll of identify
 o - 2 scrolls of amnesia {unknown}
 r - 4 scrolls of recharging
 s - a scroll of magic mapping {unknown}
 t - a scroll of remove curse {unknown}
Potions
 e - 3 potions of curing
 i - a potion of lignification
 k - a potion of invisibility
 l - a potion of flight {unknown}
 p - 2 potions of berserk rage
 q - a potion of mutation {unknown}
 u - a potion of brilliance {unknown}
 v - a potion of heal wounds {unknown}
 x - a potion of degeneration {unknown}
Comestibles
 f - 5 bread rations
 h - 2 royal jellies
 j - 8 fruits


   Skills:
 + Level 4.6 Fighting
 * Level 6.9 Axes
 + Level 5.6 Armour
 - Level 3.2 Shields


You had 6 spell levels left.
You didn't know any spells.

Dungeon Overview and Level Annotations

Branches:
Dungeon (4/15)
 Temple: D:4-7

Altars:
Cheibriados
Dithmenos
Fedhas
Gozag
Ru
Trog
Yredelemnul
Zin


Innate Abilities, Weirdness & Mutations

You are resistant to damage.
You can heal yourself by infusing magical energy.
You passively map a small area around you.
You do not regenerate.


Message History

You kill the scorpion!
You swing at nothing.
You start waiting.
You are no longer poisoned.
You start waiting.
You are feeling very hungry.
There is an open door here.
There is an open door here.
r - 2 scrolls of recharging (gained 1)
w - a large soapstone amulet
r - 3 scrolls of recharging (gained 1)
e - 3 potions of curing (gained 1)
x - a viscous silvery potion
r - 4 scrolls of recharging (gained 1)
There is an open door here.
There is an open door here.
You found a spear trap!
There is an open door here.
A spear shoots out and hits you!
You die...

#.......#...#......
##8...8###'##......
#.......#.^.#.....8
#...8...'...#.....#
#...#...#...#.....#
##'###########'####
#^..#...#...#..^#..
#...#...8...'^..#..
#.@.#.......#...#..
#...##8...8########
#...#.......#...#..
#...#...8...#...8..
#...#...#...#......
##'#######'###8...8
...#.!M#..^#......
.s.+..?#...'...8..
#?!.#...#...#..


You could see a scorpion (sleeping).

Vanquished Creatures
  7 scorpions (Ossuary)
  A centaur zombie (Ossuary)
  An orc priest (D:4)
  2 human zombies (Ossuary)
  An iguana (D:4)
  Jessica (D:3)
  Ijyb (D:4)
  2 big kobold zombies (Ossuary)
  3 mummies (Ossuary)
  Robin (D:3)
  A scorpion zombie (Ossuary)
  4 adders (D:2)
  An ooze (D:1)
  3 worms
  3 dart slugs
  A leopard gecko (D:1)
  4 orcs (D:4)
  A ball python (D:4)
  2 giant cockroaches
  2 gnoll zombies (D:2)
  17 goblins
  10 hobgoblins
  5 jackals
  10 kobolds
  3 quokkas
  9 bats
  5 frilled lizards
  2 goblin zombies (Ossuary)
  2 hobgoblin zombies (Ossuary)
  4 kobold zombies (Ossuary)
  2 orc zombies (Ossuary)
  11 rats
122 creatures vanquished.

Vanquished Creatures (others)
  A kobold zombie (Ossuary)
  An orc zombie (Ossuary)
2 creatures vanquished.

Grand Total: 124 creatures vanquished

Notes
Turn   | Place    | Note
-------+----------+-------------------------------------------
     0 | D:1      | kae the Deep Dwarf Fighter began the quest for the Orb.
     0 | D:1      | Reached XP level 1. HP: 20/20 MP: 1/1
    39 | D:1      | Reached XP level 2. HP: 27/27 MP: 2/2
   196 | D:1      | Reached skill level 3 in Axes
   345 | D:1      | Reached XP level 3. HP: 30/33 MP: 3/3
   938 | D:2      | Found a faded altar of an unknown god.
  1008 | D:2      | Found a basalt altar of Yredelemnul.
  1376 | D:2      | Found a bloodstained altar of Trog.
  1478 | D:2      | Reached XP level 4. HP: 33/42 MP: 4/4
  1704 | D:2      | Found a snail-covered altar of Cheibriados.
  1735 | D:2      | Found a shadowy altar of Dithmenos.
  1770 | D:2      | Found a sacrificial altar of Ru.
  2037 | D:2      | Reached skill level 4 in Axes
  2581 | D:3      | Noticed Robin
  2587 | D:3      | Killed Robin
  2587 | D:3      | Reached XP level 5. HP: 49/49 MP: 5/5
  2629 | D:3      | Noticed Jessica
  2633 | D:3      | Killed Jessica
  2661 | D:3      | Found a blossoming altar of Fedhas.
  2931 | D:4      | Noticed Ijyb
  2976 | D:4      | Killed Ijyb
  2976 | D:4      | Reached skill level 5 in Axes
  3015 | D:4      | Found a glowing silver altar of Zin.
  3032 | D:4      | Found an opulent altar of Gozag.
  3140 | D:4      | Found a sand-covered staircase.
  3145 | D:4      | Reached XP level 6. HP: 33/57 MP: 6/6
  3196 | Ossuary  | Entered an ossuary
  3403 | Ossuary  | Reached skill level 5 in Armour
  3406 | Ossuary  | Reached skill level 6 in Axes
  3492 | Ossuary  | Reached XP level 7. HP: 36/66 MP: 7/7
  3726 | Ossuary  | Killed by triggering a spear trap

Skill      XL: |  1  2  3  4  5  6 |
---------------+-------------------+-----
Axes           | 3 4 5 6 |  6.9
Fighting       | 3 4 |  4.6
Armour         | 4 5 |  5.6
Shields        | |  3.2

Action                   |  1- 3 |  4- 6 |  7- 9 || total
-------------------------+-------+-------+-------++-------
Melee: War axe           |   140 |   240 |    47 ||   427
       Unarmed           |       |    12 |       ||    12
 Abil: Heal Wounds       |     1 |     2 |     1 ||     4
  Use: Scroll            |       |     6 |       ||     6
       Potion            |       |     1 |       ||     1
  Eat: Chunk             |     2 |     7 |       ||     9
Armor: Scale mail        |    69 |   129 |    19 ||   217
Dodge: Dodged            |    58 |    73 |    14 ||   145
Block: Shield            |    61 |   124 |    20 ||   205
